[Event "Team 45 45 League T64"]
[Site "Internet Chess Club"]
[Date "2015.04.05"]
[Round "5"]
[White "achessman"]
[Black "fledermaus"]
[Result "1/2-1/2"]
[WhiteElo "1901"]
[BlackElo "1894"]
[Opening "Sicilian: Alapin's variation (2.c3)"]
[ECO "B22"]
[Time "09:38:40"]
[TimeControl "2700+45"]

1. e4 c5 2. c3 d5 3. exd5 Qxd5 4. d4 Nf6 5. Nf3 Bg4 6. Be2 e6 7. Be3 cxd4 8.
cxd4 Nc6 9. Nc3 Qd6 10. Qb3 Be7 11. O-O O-O 12. Rfd1 Rfd8 13. Rd2 a6 14. a3 b5
15. h3 Bh5 16. Rad1 b4 17. axb4 Nxb4 18. g4 Bg6 19. Ne5 Be4 20. Bf4 Bd5 21. Qa4
Qb6 22. Nxd5 Nbxd5 23. Bg5 Rdc8 24. Bf3 Qb5 25. Qa2 Ra7 26. Ra1 Nb4 27. Qa4 Rc1+
28. Rd1 Qxa4 29. Rxa4 Rxd1+ 30. Bxd1 Rc7 31. Bd2 Nfd5 32. Bb3 f6 33. Bxb4 fxe5
34. Bxe7 Rxe7 35. dxe5 Rb7 36. Bxd5 exd5 37. Rxa6 Rxb2 38. Rd6 Rd2 39. Kf1 g5
40. Ke1 Rd4 41. f3 Kf7 42. Rh6 Kg7 43. e6 Ra4 44. e7 Ra8 45. Re6 Re8 46. Kd2 Kf7
47. Rh6 Kg7 48. Re6 Kf7 49. Rh6 Kg7 50. Re6 {Game drawn by repetition} 1/2-1/2

[Event "Team 45 45 League T64"]
[Site "Internet Chess Club"]
[Date "2015.04.03"]
[Round "5"]
[White "jonesey"]
[Black "Frankly"]
[Result "1-0"]
[WhiteElo "1861"]
[BlackElo "1783"]
[Opening "Two knights defense"]
[ECO "C55"]
[Time "15:03:08"]
[TimeControl "2700+45"]

1. e4 e5 2. Nf3 Nc6 3. Bc4 Nf6 4. d4 d6 5. Ng5 d5 6. exd5 Nxd5 7. Nxf7 Kxf7 8.
Qf3+ Qf6 9. Bxd5+ Be6 10. Bxe6+ Ke7 11. Qxf6+ Kxf6 12. Bb3 Nxd4 13. Nc3 c5 14.
f4 c4 15. Ba4 Bc5 16. Ne4+ {Black resigns} 1-0

[Event "Team 45 45 League T64"]
[Site "Internet Chess Club"]
[Date "2015.04.06"]
[Round "5"]
[White "SAC2001"]
[Black "Philly-Boy"]
[Result "1-0"]
[WhiteElo "1805"]
[BlackElo "1742"]
[Opening "Sicilian: Najdorf, Byrne (English) attack"]
[ECO "B90"]
[Time "21:32:43"]
[TimeControl "2700+45"]

1. e4 c5 2. Nf3 d6 3. d4 cxd4 4. Nxd4 Nf6 5. Nc3 a6 6. Be3 e5 7. Nb3 Be7 8. f3
Nbd7 9. Qd2 b5 10. O-O-O Bb7 11. g4 b4 12. Nd5 Nxd5 13. exd5 a5 14. Kb1 a4 15.
Nc1 Qa5 16. Bc4 O-O 17. h4 Rfc8 18. b3 axb3 19. cxb3 Ba6 20. Bd3 Bxd3+ 21. Qxd3
Rc3 22. Qd2 Nf6 23. Bg5 Rxf3 24. Bxf6 Bxf6 25. g5 Bd8 26. Rhf1 Rxf1 27. Rxf1 Bb6
28. h5 Qb5 29. Rh1 e4 30. g6 e3 31. gxf7+ Kf8 32. Qb2 Qxd5 33. Rd1 Qe4+ 34. Ka1
Kxf7 35. Rxd6 Rb8 36. Rd7+ Ke8 37. Qxg7 Qe6 38. Rd1 Rd8 39. Qh8+ Ke7 40. Qxh7+
Qf7 41. Qe4+ Qe6 42. Qh7+ Ke8 43. Qh8+ Ke7 44. Qg7+ Ke8 45. Qg6+ Qxg6 46. Rxd8+
Bxd8 47. hxg6 Kf8 48. Kb1 Kg7 49. Kc2 Kxg6 50. Kd3 Bg5 51. Ke2 Kf5 52. Nd3 Be7
53. Kxe3 Bd6 54. Kd4 Ke6 55. Kc4 Kd7 56. Nxb4 Kc7 57. Nd5+ Kb7 58. a4 Bh2 59. b4
Ka6 60. Kc5 Bg1+ 61. Kc6 Bf2 62. Kc7 Bg1 63. b5+ Ka5 64. b6 Kxa4 65. b7 Ba7 66.
Nb6+ Ka5 67. Nc8 {Black resigns} 1-0

[Event "Team 45 45 League T64"]
[Site "Internet Chess Club"]
[Date "2015.04.02"]
[Round "5"]
[White "cityprosecutor"]
[Black "gyu123987kool"]
[Result "1-0"]
[WhiteElo "1822"]
[BlackElo "1656"]
[Opening "Scotch: Göring gambit"]
[ECO "C44"]
[Time "23:11:23"]
[TimeControl "2700+45"]

1. e4 e5 2. Nf3 Nc6 3. d4 exd4 4. c3 dxc3 5. Bc4 d6 6. Nxc3 Nf6 7. Qb3 Qd7 8.
Ng5 Ne5 9. Bb5 c6 10. f4 cxb5 11. fxe5 dxe5 12. Be3 a5 13. O-O a4 14. Qxb5 Bd6
15. Qc4 O-O 16. Rad1 Qe7 17. Nb5 Bb8 18. Bc5 Qe8 19. Bxf8 Qxf8 20. Nxf7 Bd7 21.
Rxd7 {Black resigns} 1-0

[Event "Team 45 45 League T64"]
[Site "Internet Chess Club"]
[Date "2015.04.07"]
[Round "5"]
[White "G-force"]
[Black "PuzzleMaster"]
[Result "1/2-1/2"]
[WhiteElo "2076"]
[BlackElo "1961"]
[Opening "Sicilian: Grand Prix attack"]
[ECO "B23"]
[Time "12:14:03"]
[TimeControl "2700+45"]

1. e4 c5 2. Nc3 Nc6 3. f4 g6 4. Nf3 Bg7 5. Bb5 Nd4 6. a4 a6 7. Bc4 e6 8. e5 d5
9. exd6 Qxd6 10. d3 Nf6 11. Ne4 Qc7 12. c3 Nf5 13. a5 O-O 14. O-O Bd7 15. Qe2
Bb5 16. Ne5 Rad8 17. g4 Nd6 18. Nxf6+ Bxf6 19. Bb3 Bg7 20. Be3 Kh8 21. Qf2 Rc8
22. Rfd1 f6 23. Nc4 Bxc4 24. dxc4 f5 25. g5 Ne4 26. Qf3 Rfd8 27. h4 e5 28. Rd5
Rxd5 29. cxd5 exf4 30. Bxf4 Be5 31. Rf1 Bxf4 32. Qxf4 Qxf4 33. Rxf4 Re8 34. c4
Nd6 35. Kf2 Kg7 36. Bc2 h6 37. gxh6+ Kxh6 38. b3 Re7 39. Rf3 Re5 40. Re3 Rxe3
41. Kxe3 Kg7 42. Kf4 Kf6 43. Bd1 {Game drawn by mutual agreement} 1/2-1/2

[Event "Team 45 45 League T64"]
[Site "Internet Chess Club"]
[Date "2015.04.04"]
[Round "5"]
[White "nikenwidiartto"]
[Black "RubberDuck"]
[Result "1/2-1/2"]
[WhiteElo "2049"]
[BlackElo "1910"]
[Opening "Petrov: Nimzovich attack"]
[ECO "C42"]
[Time "03:38:05"]
[TimeControl "2700+45"]

1. e4 e5 2. Nf3 Nf6 3. Nxe5 d6 4. Nf3 Nxe4 5. Nc3 Nxc3 6. dxc3 Be7 7. Be3 O-O 8.
Qd2 Nc6 9. O-O-O Be6 10. Kb1 Ne5 11. Ng5 Nc4 12. Bxc4 Bxc4 13. h4 h6 14. Nf3 c5
15. g4 Qa5 16. a3 Qb5 17. Rdg1 Qc6 18. Rh3 Bd5 19. Ne1 Be6 20. Qe2 Qd5 21. b3 c4
22. b4 a5 23. Rhg3 axb4 24. axb4 Qc6 25. g5 Qa4 26. Kc1 hxg5 27. Bxg5 Bxg5+ 28.
Rxg5 Rfe8 29. Rxg7+ Kf8 30. Qh5 Ke7 31. Nf3 Qc6 32. Qg5+ Kd7 33. Nd4 Qd5 34.
Qxd5 Bxd5 35. Kd2 Rh8 36. R1g4 Rae8 37. R4g5 Re5 38. f4 Rxg5 39. hxg5 Rh2+ 40.
Kc1 Rf2 41. f5 Ke7 42. Kb2 Rg2 43. Ka3 Kf8 44. f6 Be4 45. b5 Bxc2 46. Nxc2 Rxc2
47. Kb4 b6 48. Kxc4 d5+ 49. Kd3 Rb2 50. c4 dxc4+ 51. Kxc4 Rc2+ 52. Kb4 Rc5 53.
g6 fxg6 54. Rxg6 Rc1 55. f7 Kxf7 56. Rxb6 Ke7 57. Rb8 Kd7 58. b6 Rc8 59. Rb7+
Kc6 {Game drawn by mutual agreement} 1/2-1/2

[Event "Team 45 45 League T64"]
[Site "Internet Chess Club"]
[Date "2015.04.03"]
[Round "5"]
[White "SaltofLife"]
[Black "fishhead"]
[Result "1-0"]
[WhiteElo "1938"]
[BlackElo "1844"]
[Opening "Sicilian: wing gambit, Marshall variation"]
[ECO "B20"]
[Time "14:31:44"]
[TimeControl "2700+45"]

1. e4 c5 2. b4 cxb4 3. a3 e6 4. axb4 Bxb4 5. c3 Ba5 6. Qg4 Kf8 7. Ba3+ Ne7 8.
Bxe7+ Kxe7 9. Qg5+ f6 10. Qxa5 b6 11. Qa4 d5 12. Bd3 Bb7 13. Nf3 Nd7 14. Qb4+
Nc5 15. e5 Kf7 16. Be2 a5 17. Qh4 h5 18. exf6 Qxf6 19. d4 Ne4 20. Ne5+ Kg8 21.
Qxf6 gxf6 22. Nd7 Bc6 23. f3 Bxd7 24. fxe4 dxe4 25. Nd2 f5 26. Nc4 Rb8 27. Rb1
b5 28. Nxa5 Kf7 29. Nb3 h4 30. O-O Ke7 31. Nc5 Bc6 32. Rb2 Rb6 33. Ra1 Kd6 34.
Ra7 e5 35. Rf7 f4 36. Rf6+ Kd5 37. Nd7 Ra6 38. Nxe5 Ra1+ 39. Kf2 Be8 40. Rxf4
Rc1 41. Rb3 Rc2 42. Ke3 Rg8 43. Ng4 Rxe2+ 44. Kxe2 Kc4 45. Rb1 Kxc3 46. d5 Bh5
47. h3 b4 48. Rxe4 b3 49. Re3+ Kd4 50. Rbxb3 Kxd5 51. Rb5+ {Black resigns} 1-0

[Event "Team 45 45 League T64"]
[Site "Internet Chess Club"]
[Date "2015.04.04"]
[Round "5"]
[White "JefferyChess"]
[Black "Monterrey"]
[Result "0-1"]
[WhiteElo "1740"]
[BlackElo "2016"]
[Opening "French: Tarrasch, closed variation"]
[ECO "C05"]
[Time "16:00:29"]
[TimeControl "2700+45"]

1. e4 e6 2. d4 d5 3. Nd2 Nf6 4. e5 Nfd7 5. Ngf3 c5 6. c3 Nc6 7. Nb3 Qb6 8. Be3
c4 9. Nbd2 Qxb2 10. Qc1 Qxc1+ 11. Rxc1 b5 12. Nb1 a5 13. Be2 Nb6 14. Bd1 Bd7 15.
O-O Be7 16. Bd2 b4 17. h3 O-O 18. Re1 Na7 19. Nh2 Ba4 20. Bxa4 Nxa4 21. Re3 Bg5
22. Re2 Bxd2 23. Rxd2 Nb5 24. Nf3 Naxc3 25. Nh2 Ne4 26. Rdd1 c3 27. f3 Ng3 28.
Kf2 Nf5 29. Ng4 Rfc8 30. Rd3 Nfxd4 31. Ke3 h5 32. Nf2 Nf5+ 33. Ke2 h4 34. Nd1 c2
35. Ne3 cxb1=Q 36. Rxb1 Nc3+ {White resigns} 0-1

[Event "Team 45 45 League T64"]
[Site "Internet Chess Club"]
[Date "2015.04.02"]
[Round "5"]
[White "TerryMalloy"]
[Black "hood"]
[Result "0-1"]
[WhiteElo "1965"]
[BlackElo "2019"]
[Opening "Evans gambit: Cordel variation"]
[ECO "C51"]
[Time "18:06:38"]
[TimeControl "2700+45"]

1. e4 e5 2. Nf3 Nc6 3. Bc4 Bc5 4. b4 Bxb4 5. c3 Be7 6. d4 Na5 7. Be2 d6 8. Qa4+
c6 9. dxe5 dxe5 10. Nxe5 Nf6 11. O-O O-O 12. Bf4 b5 13. Qc2 Be6 14. Bg3 Qb6 15.
Kh1 Rfd8 16. Nd2 Rac8 17. Rad1 c5 18. f4 Nd7 19. f5 Nxe5 20. Bxe5 Bd7 21. f6
gxf6 22. Bf4 Nc6 23. Rf3 Ne5 24. Rg3+ Ng6 25. h4 Kh8 26. Bh6 Qe6 27. h5 Bd6 28.
Qd3 Bxg3 29. Qxg3 Qe5 30. Qe3 Ne7 31. Rf1 Re8 32. Bf4 Qe6 33. Rf3 f5 34. c4 fxe4
35. Qc3+ f6 36. Nxe4 Ng8 37. Ng3 b4 38. Qb2 Bc6 39. Re3 Qh3+ {White resigns} 0-1

[Event "Team 45 45 League T64"]
[Site "Internet Chess Club"]
[Date "2015.04.07"]
[Round "5"]
[White "SAC2001"]
[Black "Entoloma"]
[Result "0-1"]
[WhiteElo "1799"]
[BlackElo "2050"]
[Opening "Pirc: Austrian attack"]
[ECO "B09"]
[Time "12:03:11"]
[TimeControl "2700+45"]

1. e4 d6 2. d4 Nf6 3. Nc3 g6 4. f4 c5 5. d5 Bg7 6. Nf3 O-O 7. Be2 Na6 8. O-O Nc7
9. Be3 a6 10. a4 Bd7 11. b3 b5 12. axb5 axb5 13. Qd2 Rxa1 14. Rxa1 b4 15. Na4
Nxe4 16. Qd1 Bxa1 17. Qxa1 Nxd5 18. Bc1 Ndc3 19. Nxc3 Nxc3 20. Bd3 Qa8 21. Qb2
Qa2 22. Qxa2 Nxa2 23. Bb2 Nc3 24. Kf2 Bf5 25. Ke3 Bxd3 26. Kxd3 Ra8 27. Bxc3
bxc3 28. Kxc3 Ra1 29. g3 Rf1 30. Nd2 Rf2 31. h3 Rg2 32. g4 Rg3+ 33. Kb2 Rxh3
{White resigns} 0-1

[Event "Team 45 45 League T64"]
[Site "Internet Chess Club"]
[Date "2015.04.06"]
[Round "5"]
[White "JustinL"]
[Black "joebobpop"]
[Result "0-1"]
[WhiteElo "1959"]
[BlackElo "1890"]
[Opening "King's Indian: Torre attack"]
[ECO "A48"]
[Time "16:44:36"]
[TimeControl "2700+45"]

1. d4 Nf6 2. Nf3 g6 3. Bg5 Bg7 4. Bxf6 Bxf6 5. e4 d5 6. e5 Bg7 7. Bd3 c5 8. c3
Nc6 9. O-O Bg4 10. Nbd2 O-O 11. h3 Bxf3 12. Nxf3 Qb6 13. Bc2 Rab8 14. Qd2 e6 15.
Rab1 Rfc8 16. Rfc1 Qa5 17. a3 cxd4 18. b4 dxc3 19. Qxc3 Qb6 20. Qb2 Qc7 21. Ba4
b5 22. Bb3 Bxe5 23. Qe2 Bg7 24. Rc5 Qb7 25. Rbc1 a6 26. Ba2 Nd4 27. Nxd4 Bxd4
28. R5c2 Bg7 29. f4 Bh6 30. g3 Rxc2 31. Qxc2 Rd8 32. Kf2 e5 33. Qd2 exf4 34.
gxf4 Qd7 35. Kg3 d4 36. Rd1 Re8 37. Re1 Rxe1 38. Qxe1 d3 39. Qd2 Qd4 40. Bb1
Qg1+ {White resigns} 0-1

[Event "Team 45 45 League T64"]
[Site "Internet Chess Club"]
[Date "2015.04.03"]
[Round "5"]
[White "Knight77"]
[Black "Zhbugnoimt"]
[Result "1-0"]
[WhiteElo "1725"]
[BlackElo "1961"]
[Opening "Réti: King's Indian attack"]
[ECO "A05"]
[Time "12:06:57"]
[TimeControl "2700+45"]

1. Nf3 Nf6 2. g3 g6 3. Bg2 Bg7 4. O-O O-O 5. d3 d6 6. Nbd2 Nbd7 7. e4 e5 8. Re1
Re8 9. Nf1 c6 10. h3 d5 11. g4 Qc7 12. Ng3 dxe4 13. dxe4 Nc5 14. Qe2 Ne6 15. Qc4
Nd7 16. Be3 b5 17. Qc3 Nb6 18. Qa5 Bd7 19. Rad1 Rad8 20. Ng5 Qb8 21. Nxe6 Bxe6
22. b3 Bf6 23. Bc5 Nd7 24. Be3 Be7 25. Nf5 Bf8 26. Rd3 Nc5 27. Bxc5 Bxc5 28. Qc3
Qb6 29. Nh6+ Kf8 30. Qd2 Rxd3 31. cxd3 a5 32. Rc1 Rd8 33. g5 Bb4 34. Qc2 Qd4 35.
Bf1 Be7 36. h4 c5 37. Be2 c4 38. dxc4 Bc5 39. Bg4 Bxg4 40. Nxg4 b4 41. Qe2 Qd2
42. Rc2 Qf4 43. Kg2 f5 44. gxf6 h5 45. Ne3 Rd4 46. Nd5 Qxh4 47. f3 Kf7 48. Qf2
Qg5+ 49. Qg3 Rd2+ 50. Rxd2 Qxd2+ 51. Kh3 Qd4 52. Kh4 Qa1 53. Kg5 Qc1+ 54. f4 Bf8
55. Qf2 Qd1 56. Qa7+ Kg8 57. Ne7+ Bxe7 58. fxe7 Qg4+ 59. Kf6 Qxf4+ 60. Ke6 Qf7+
61. Kd7 h4 62. Qb8+ Kg7 63. Qxe5+ Kh7 64. Kd8 {Black resigns} 1-0

[Event "Team 45 45 League T64"]
[Site "Internet Chess Club"]
[Date "2015.04.08"]
[Round "5"]
[White "Percival"]
[Black "ANGELLR"]
[Result "1-0"]
[WhiteElo "2112"]
[BlackElo "1893"]
[Opening "QGD semi-Slav: 5...Nd7"]
[ECO "D45"]
[Time "21:30:29"]
[TimeControl "2700+45"]

1. d4 d5 2. c4 c6 3. Nc3 Nf6 4. e3 e6 5. Nf3 Nbd7 6. b3 Bd6 7. Qc2 O-O 8. Be2
Re8 9. Bb2 Qe7 10. O-O dxc4 11. bxc4 e5 12. Rfe1 e4 13. Nd2 Nf8 14. f3 exf3 15.
Bxf3 Ng4 16. Nf1 Qh4 17. g3 Qh3 18. Ne4 Bf5 19. Nf2 Nxh2 20. Nxh3 Nxf3+ 21. Kf2
Bxc2 22. Kxf3 Be4+ 23. Kf2 Re6 24. Nd2 Bf5 25. Nf4 Bxf4 26. gxf4 Rae8 27. d5 Rh6
28. Rh1 Rxh1 29. Rxh1 cxd5 30. cxd5 Be4 31. Rg1 g6 32. d6 Bc6 33. Nc4 Nd7 34.
Bd4 a6 35. Na5 Bd5 36. Rc1 b6 37. Rc7 Rd8 38. Nb7 Bxb7 39. Rxb7 Nc5 40. Rxb6
Ne4+ 41. Kf3 Nxd6 42. Bf6 Rb8 43. Rxb8+ {Black resigns} 1-0

[Event "Team 45 45 League T64"]
[Site "Internet Chess Club"]
[Date "2015.04.03"]
[Round "5"]
[White "santiagoelawad"]
[Black "SimplyClaudia"]
[Result "0-1"]
[WhiteElo "2001"]
[BlackElo "2097"]
[Opening "English: four knights, kingside fianchetto"]
[ECO "A29"]
[Time "22:18:13"]
[TimeControl "2700+45"]

1. c4 e5 2. Nc3 Nf6 3. Nf3 Nc6 4. g3 Bc5 5. Bg2 d6 6. O-O O-O 7. d3 h6 8. a3 a6
9. b4 Ba7 10. Bb2 Be6 11. Nd2 Qd7 12. Nd5 Nh7 13. Kh1 Ng5 14. f4 Nh3 15. e3 Bg4
16. Bf3 f5 17. Bxg4 fxg4 18. Ne4 exf4 19. gxf4 Rae8 20. Qe2 Ne7 21. Nxe7+ Rxe7
22. Rac1 c6 23. c5 dxc5 24. bxc5 Bb8 25. Bd4 Nxf4 26. Qa2+ Kh8 27. Qf2 Ref7 28.
Qh4 Kg8 29. Rcd1 Nxd3 30. Rxf7 Qxf7 31. Qxg4 Be5 32. Rg1 Bxd4 33. exd4 h5 34.
Qe2 Nf4 35. Qf3 Qd5 36. Rg5 Qxd4 37. h4 Nd3 38. Qg2 Nf4 39. Qf3 Ne6 40. Rf5 Rxf5
41. Qxf5 Qd5 42. Qg6 Nxc5 {White resigns} 0-1

[Event "Team 45 45 League T64"]
[Site "Internet Chess Club"]
[Date "2015.04.03"]
[Round "5"]
[White "Babaliyev"]
[Black "primerpaso"]
[Result "1-0"]
[WhiteElo "2004"]
[BlackElo "1843"]
[Opening "Sicilian: Najdorf, 7...Be7 main line"]
[ECO "B99"]
[Time "10:05:03"]
[TimeControl "2700+45"]

1. e4 c5 2. Nf3 d6 3. d4 cxd4 4. Nxd4 Nf6 5. Nc3 a6 6. Bg5 e6 7. f4 Be7 8. Qf3
Qc7 9. O-O-O Nbd7 10. Bd3 Nc5 11. Rhe1 h6 12. Bxf6 Bxf6 13. e5 Be7 14. exd6 Bxd6
15. Nd5 Qa5 16. Nf5 Bf8 17. Kb1 Nd7 18. b4 Bxb4 19. Nxg7+ Kd8 20. Rxe6 Bc3 21.
Qe4 Bxg7 22. Rxa6 Re8 23. Rxa5 Rxa5 24. Qc4 Rc5 25. Qb3 Re6 26. Bf5 Rd6 27. Bxd7
Bxd7 28. c4 Bf5+ 29. Kc1 Rxc4+ 30. Qxc4 Rc6 31. Nb4+ {Black resigns} 1-0

[Event "Team 45 45 League T64"]
[Site "Internet Chess Club"]
[Date "2015.04.09"]
[Round "5"]
[White "NFork"]
[Black "justinchess"]
[Result "0-1"]
[WhiteElo "2174"]
[BlackElo "2390"]
[Opening "Réti: Nimzovich-Larsen attack"]
[ECO "A06"]
[Time "15:13:35"]
[TimeControl "2700+45"]

1. Nf3 d5 2. b3 c5 3. e3 Nf6 4. Bb2 Nc6 5. Bb5 Bd7 6. O-O e6 7. Bxc6 Bxc6 8. Ne5
Qc7 9. Nxc6 Qxc6 10. d3 Be7 11. Nd2 O-O 12. f4 b5 13. Nf3 Nd7 14. Qe2 a5 15. e4
a4 16. exd5 Qxd5 17. Rae1 axb3 18. axb3 Ra2 19. Ba1 Bd8 20. Qd1 Bc7 21. c4 Qc6
22. g3 Rfa8 23. Bc3 b4 24. Bd2 Nf6 25. Bc1 Ng4 26. Re2 Ra1 27. Qc2 f6 28. h3 Nh6
29. g4 Bxf4 30. Kf2 Bxc1 31. Rxc1 e5 32. Rxa1 Rxa1 33. Qb2 Rh1 34. Re4 Rxh3 35.
Kg2 Rxf3 36. Kxf3 Nxg4 37. Kg3 h5 38. Re1 f5 39. Qg2 f4+ 40. Kh3 f3 41. Qf1 f2
42. Re4 Qf6 43. Kg3 Qg5 44. Kh3 Nf6 45. Re2 Qg4+ 46. Kh2 Qf4+ 47. Kg2 Ng4 48.
Qa1 Ne3+ 49. Rxe3 Qxe3 50. Qa8+ Kh7 51. Qc8 Qe2 52. Qf5+ Kh6 53. Qe6+ g6 {White
resigns} 0-1

[Event "Team 45 45 League T64"]
[Site "Internet Chess Club"]
[Date "2015.04.09"]
[Round "5"]
[White "Puffy"]
[Black "Magnus87"]
[Result "0-1"]
[WhiteElo "2192"]
[BlackElo "2125"]
[Opening "Alekhine's defense: modern, Larsen variation"]
[ECO "B04"]
[Time "12:06:51"]
[TimeControl "2700+45"]

1. e4 Nf6 2. e5 Nd5 3. d4 d6 4. Nf3 dxe5 5. Nxe5 c6 6. Bc4 g6 7. O-O Bg7 8. Re1
O-O 9. Nc3 Be6 10. Nxd5 Bxd5 11. Bxd5 cxd5 12. Bf4 Nd7 13. c3 Nxe5 14. Bxe5 Bxe5
15. Rxe5 e6 16. Qd2 Rc8 17. Rae1 b5 18. a3 a5 19. R1e3 Qb6 20. Rh5 Rc7 21. Reh3
f6 22. Rg3 b4 23. axb4 axb4 24. h4 bxc3 25. bxc3 Qb1+ 26. Kh2 Ra7 27. Rh6 Ra1
28. Rg4 Qg1+ 29. Kg3 Qc1 30. Qxc1 Rxc1 31. h5 Rxc3+ 32. f3 Kg7 33. hxg6 Kxh6
{White resigns} 0-1

[Event "Team 45 45 League T64"]
[Site "Internet Chess Club"]
[Date "2015.04.05"]
[Round "5"]
[White "MeWantCookie"]
[Black "JJ12"]
[Result "1-0"]
[WhiteElo "2105"]
[BlackElo "2061"]
[Opening "Sicilian: Keres variation (2.Ne2)"]
[ECO "B20"]
[Time "13:04:54"]
[TimeControl "2700+45"]

1. e4 c5 2. Ne2 g6 3. g3 Bg7 4. Bg2 Nc6 5. O-O d6 6. c3 e5 7. h3 Nge7 8. d4 exd4
9. cxd4 Nxd4 10. Bg5 O-O 11. Nbc3 Nxe2+ 12. Qxe2 h6 13. Be3 Nc6 14. Qd2 g5 15.
Nb5 a6 16. Nxd6 Nd4 17. Nxc8 Rxc8 18. f4 Ne6 19. Qxd8 Rfxd8 20. e5 Rc7 21. Rfd1
Rcd7 22. Rxd7 Rxd7 23. Kf2 gxf4 24. gxf4 Nd4 25. Rd1 Kf8 26. b4 b6 27. bxc5 bxc5
28. Rc1 Ke7 29. Rxc5 f6 30. Bf1 fxe5 31. fxe5 Ne6 32. Ra5 Rc7 33. Bxa6 Ng5 34.
h4 Rc2+ 35. Kg3 Nf7 36. Bc5+ Kd7 37. e6+ Kxe6 38. Bc8+ Kd5 39. Bf8+ Kc6 40. Bxg7
Nd6 41. Be6 Re2 42. Bg4 Re3+ 43. Bf3+ Kb6 {Black resigns} 1-0

[Event "Team 45 45 League T64"]
[Site "Internet Chess Club"]
[Date "2015.04.02"]
[Round "5"]
[White "searchforbobby1"]
[Black "Agarnez"]
[Result "1-0"]
[WhiteElo "2069"]
[BlackElo "2025"]
[Opening "French: Steinitz variation"]
[ECO "C11"]
[Time "21:10:12"]
[TimeControl "2700+45"]

1. e4 e6 2. d4 d5 3. Nc3 Nf6 4. e5 Nfd7 5. Nce2 c5 6. c3 Nc6 7. f4 f5 8. Nf3 c4
9. g3 b5 10. a3 Nb6 11. Bh3 Bd7 12. g4 g6 13. Be3 Qe7 14. gxf5 gxf5 15. Bf2 h6
16. Bh4 Qf7 17. Ng3 Be7 18. Bxe7 Nxe7 19. Nh4 O-O-O 20. Qe2 Ng6 21. Nxg6 Qxg6
22. O-O-O h5 23. Rhg1 Qh6 24. Qe3 Rdg8 25. Nh1 Rg7 26. Rxg7 Qxg7 27. Rg1 Qe7 28.
Qg3 Re8 29. Qg5 Qf8 30. Qg7 Qe7 31. Qxe7 Rxe7 32. Rg8+ Kc7 33. Nf2 Rh7 34. Bf1
Nc8 35. Nh3 Ne7 36. Ng5 Rh6 37. Rg7 {Black resigns} 1-0

[Event "Team 45 45 League T64"]
[Site "Internet Chess Club"]
[Date "2015.04.04"]
[Round "5"]
[White "gump12345"]
[Black "Regista"]
[Result "0-1"]
[WhiteElo "1998"]
[BlackElo "2269"]
[Opening "Sicilian: Canal-Sokolsky (Nimzovich-Rossolimo, Moscow) attack"]
[ECO "B51"]
[Time "11:34:34"]
[TimeControl "2700+45"]

1. e4 c5 2. Nf3 d6 3. Bb5+ Nd7 4. c3 Nf6 5. Qe2 a6 6. Ba4 e5 7. O-O Be7 8. Bc2
b5 9. a4 Bb7 10. d3 O-O 11. Nbd2 Qc7 12. Re1 Rfe8 13. Nf1 Bf8 14. Ne3 d5 15.
exd5 Nxd5 16. Nxd5 Bxd5 17. Bd2 Qc6 18. h3 Rad8 19. axb5 axb5 20. Ra7 Qg6 21.
Bc1 c4 22. Kh2 Qd6 23. g3 cxd3 24. Bxd3 e4 25. Bc2 exf3 26. Qxe8 Rxe8 27. Rxe8
Nf6 28. Re1 b4 29. Be3 bxc3 30. bxc3 Qc6 31. Rb1 Qxc3 32. Ba4 h5 33. Bb5 h4 34.
g4 Be4 35. Rc1 Qe5+ {White resigns} 0-1

[Event "Team 45 45 League T64"]
[Site "Internet Chess Club"]
[Date "2015.04.06"]
[Round "5"]
[White "Pomberito"]
[Black "xwang1"]
[Result "1/2-1/2"]
[WhiteElo "2083"]
[BlackElo "2005"]
[Opening "KGD: classical variation"]
[ECO "C30"]
[Time "18:37:22"]
[TimeControl "2700+45"]

1. e4 e5 2. f4 Bc5 3. Nf3 d6 4. Bc4 Nc6 5. Nc3 Nf6 6. d3 a6 7. f5 O-O 8. Bg5 Ne7
9. Bxf6 gxf6 10. Qd2 Kg7 11. h4 Ng8 12. Rh3 c6 13. Rg3+ Kh8 14. Qe2 b5 15. Bb3
Nh6 16. Ng5 fxg5 17. hxg5 Rg8 18. Qh5 Be3 19. Rxe3 Qxg5 20. Qxg5 Rxg5 21. O-O-O
a5 22. a4 b4 23. Ne2 Ng4 24. Rg3 f6 25. Rh1 Ra7 26. Ng1 Bd7 27. Nf3 Rg7 28. Nh4
Be8 29. Ng6+ Bxg6 30. Rxg4 Be8 31. Rhh4 Rxg4 32. Rxg4 Rg7 33. Rxg7 Kxg7 34. Kd2
Kh6 35. Ke1 Kg5 36. Kf2 h5 37. g3 c5 38. c3 Bc6 39. Kf3 bxc3 40. bxc3 Bb7 41. c4
h4 42. gxh4+ Kxh4 43. Bd1 Bc6 44. Kf2 Be8 45. Kg2 Bd7 46. Kh2 Bc6 47. Kg2 Be8
48. Kh2 Bf7 49. Kg2 Bh5 50. Bxh5 Kxh5 {Game drawn by mutual agreement} 1/2-1/2

[Event "Team 45 45 League T64"]
[Site "Internet Chess Club"]
[Date "2015.04.05"]
[Round "5"]
[White "charles-allen"]
[Black "PoisonPawn"]
[Result "0-1"]
[WhiteElo "1849"]
[BlackElo "2108"]
[Opening "Sicilian defense"]
[ECO "B40"]
[Time "19:40:46"]
[TimeControl "2700+45"]

1. e4 c5 2. Nf3 e6 3. c3 Nf6 4. e5 Nd5 5. d4 cxd4 6. cxd4 b6 7. a3 Bb7 8. Bd3 d6
9. O-O Nd7 10. Nbd2 Qc7 11. Re1 Be7 12. Nc4 dxe5 13. Ncxe5 O-O 14. Nxd7 Qxd7 15.
Ne5 Qd6 16. Be4 Bf6 17. Qd3 g6 18. Qg3 Rad8 19. Bg5 Bxg5 20. Qxg5 f6 21. Qg3
fxe5 22. Bxg6 Qd7 23. Rxe5 hxg6 24. Qxg6+ Qg7 25. Qxe6+ Rf7 26. g3 Nf4 {White
resigns} 0-1

[Event "Team 45 45 League T64"]
[Site "Internet Chess Club"]
[Date "2015.04.06"]
[Round "5"]
[White "RdgMx"]
[Black "LittleButton"]
[Result "1/2-1/2"]
[WhiteElo "1805"]
[BlackElo "1835"]
[Opening "Queen's pawn game"]
[ECO "D02"]
[Time "15:06:49"]
[TimeControl "2700+45"]

1. d4 d5 2. Nf3 e6 3. Bf4 c5 4. c3 Bd6 5. Bxd6 Qxd6 6. e3 Nf6 7. Nbd2 b6 8. Rc1
Ba6 9. Qa4+ b5 10. Bxb5+ Bxb5 11. Qxb5+ Nbd7 12. Qa4 O-O 13. O-O Rfb8 14. Qc2
Rc8 15. Rfe1 Rab8 16. b3 cxd4 17. exd4 Qa6 18. c4 dxc4 19. bxc4 Nd5 20. c5 Nb4
21. Qc4 Qxa2 22. Qxa2 Nxa2 23. Ra1 Rb2 24. Nc4 Rc2 25. Ne3 Rb2 26. Nc4 Rc2 27.
Ne3 Rb2 28. Reb1 Rxb1+ 29. Rxb1 Rb8 30. Ra1 Nc3 31. h3 Rb1+ 32. Rxb1 Nxb1 33.
Nc4 Nc3 34. Nfe5 Nxe5 {Game drawn by mutual agreement} 1/2-1/2

[Event "Team 45 45 League T64"]
[Site "Internet Chess Club"]
[Date "2015.04.06"]
[Round "5"]
[White "RazorBladeTeddy"]
[Black "nitishdas"]
[Result "0-1"]
[WhiteElo "2100"]
[BlackElo "2099"]
[Opening "Budapest: Adler variation"]
[ECO "A52"]
[Time "13:00:31"]
[TimeControl "2700+45"]

1. d4 Nf6 2. c4 e5 3. dxe5 Ng4 4. Nf3 Nc6 5. Bf4 Bb4+ 6. Nbd2 Qe7 7. e3 Ngxe5 8.
Nxe5 Nxe5 9. Be2 O-O 10. O-O d6 11. Nb3 b6 12. a3 Bc5 13. Nxc5 bxc5 14. b4 Nd7
15. Bf3 Rb8 16. Qa4 Bb7 17. Bxb7 Rxb7 18. Qc6 Rfb8 19. Rfd1 Qe8 20. b5 Nb6 21.
Rac1 a6 22. Rxd6 cxd6 23. Bxd6 Qxc6 24. bxc6 Nc8 25. cxb7 Nxd6 {White resigns}
0-1

[Event "Team 45 45 League T64"]
[Site "Internet Chess Club"]
[Date "2015.04.07"]
[Round "5"]
[White "Woss"]
[Black "hangingpawns"]
[Result "1-0"]
[WhiteElo "2224"]
[BlackElo "2056"]
[Opening "French: Réti (Spielmann) variation"]
[ECO "C00"]
[Time "09:05:12"]
[TimeControl "2700+45"]

1. e4 e6 2. b3 d5 3. Bb2 Nf6 4. e5 Nfd7 5. Qg4 c5 6. f4 Nc6 7. Nf3 h5 8. Qg3 g6
9. Be2 Bh6 10. O-O Ne7 11. Bd3 Nf5 12. Bxf5 gxf5 13. d4 Kf8 14. Ng5 Bxg5 15.
fxg5 Kg7 16. Nd2 Nf8 17. dxc5 Ng6 18. Nf3 h4 19. Qf2 Bd7 20. Nd4 Kg8 21. Nf3 Bc6
22. h3 Rh5 23. a4 a5 24. Bd4 Qe7 25. c3 Qd7 26. Qe2 Qe7 27. Bf2 Kg7 28. Be3 f4
29. Bd4 Rxg5 30. Nxg5 Qxg5 31. b4 axb4 32. cxb4 Rxa4 33. Rxa4 Bxa4 34. Ra1 Bb3
35. Ra7 Bc4 36. Qf2 Bd3 37. Rxb7 Be4 38. c6 f3 39. Be3 Qh5 40. c7 fxg2 41. Qf6+
Kh7 42. Qxf7+ Kh8 43. c8=Q+ Nf8 44. Qcxf8# {Black checkmated} 1-0